TOP OF THE 1ST |
Portland Evergreens batting - Pitching for Rocky Mountain Nuggets : RHP Nathaniel Riley
|
Pitching: RHP Nathaniel Riley
|
|
Batting: RHB Roland Deschain
|
0-0: Ground out 5-3 (Groundball, 56)
|
Batting: LHB Ray Anderson
|
0-0: Ball 1-0: Fly out, F6 (Popup, 6)
|
Batting: SHB Eddie Ménard
|
0-0: Ball 1-0: Ground out 1-3 (Groundball, 13S)
|
Top of the 1st over - 0 run(s), 0 hit(s), 0 error(s), 0 left on base; Portland 0 - Rocky Mountain 0 |
BOTTOM OF THE 1ST |
Rocky Mountain Nuggets batting - Pitching for Portland Evergreens : RHP Leroy Picot
|
Pitching: RHP Leroy Picot
|
|
Batting: RHB Iván Vega
|
0-0: Ball 1-0: Foul Ball, location: 2F 1-1: Fly out, F5 (Popup, 56S)
|
Batting: LHB Javier Sánchez
|
0-0: Ball 1-0: Ball 2-0: Ball 3-0: Called Strike 3-1: Foul Ball, location: 2F 3-2: DOUBLE (Line Drive, 89D)
|
Batting: LHB Neil Lawson
|
0-0: Ball 1-0: Ball 2-0: Ball 3-0: Base on Balls
|
Batting: RHB Andrés Rodríguez
|
0-0: Ball 1-0: Ball 2-0: Called Strike 2-1: Ground out 5-3 (Groundball, 56S) Javier Sánchez to third Neil Lawson to second
|
Batting: RHB Wes Shannon
|
0-0: Called Strike 0-1: Called Strike 0-2: Ball 1-2: Ball 2-2: Ball 3-2: Ground out 1-3 (Groundball, 13S)
|
Bottom of the 1st over - 0 run(s), 1 hit(s), 0 error(s), 2 left on base; Portland 0 - Rocky Mountain 0 |
TOP OF THE 2ND |
Portland Evergreens batting - Pitching for Rocky Mountain Nuggets : RHP Nathaniel Riley
|
Batting: SHB Chris Williamson
|
0-0: Ball 1-0: Called Strike 1-1: Fly out, F7 (Flyball, 7LSF)
|
Batting: LHB Luis Velázquez
|
0-0: Swinging Strike 0-1: Foul Ball, location: 2F 0-2: Ball 1-2: Strikes out swinging
|
Batting: LHB Joram Nelen
|
0-0: Ball 1-0: Foul Ball, location: 2F 1-1: SINGLE (Line Drive, 9S)
|
Batting: RHB Roy Herring
|
0-0: Ball 1-0: Ball 2-0: Fly out, F7 (Flyball, 78S)
|
Top of the 2nd over - 0 run(s), 1 hit(s), 0 error(s), 1 left on base; Portland 0 - Rocky Mountain 0 |
BOTTOM OF THE 2ND |
Rocky Mountain Nuggets batting - Pitching for Portland Evergreens : RHP Leroy Picot
|
Batting: RHB Gary Chalmers
|
0-0: Ball 1-0: Fly out, F2 (Popup, 3S)
|
Batting: LHB Chia-ch'ing Dodman
|
0-0: Ball 1-0: Ground out 4-3 (Groundball, 4)
|
Batting: RHB Mark Melton
|
0-0: Ball 1-0: Foul Ball, location: 2F 1-1: Ball 2-1: SINGLE (Groundball, 6MD)
|
Batting: RHB Sergio Martínez
|
0-0: Called Strike Pickoff Throw to First - Out!
|
Bottom of the 2nd over - 0 run(s), 1 hit(s), 0 error(s), 0 left on base; Portland 0 - Rocky Mountain 0 |
TOP OF THE 3RD |
Portland Evergreens batting - Pitching for Rocky Mountain Nuggets : RHP Nathaniel Riley
|
Batting: LHB Shang-de Zhang
|
0-0: Fly out, F3 (Line Drive, 3L)
|
Batting: LHB Sinclair van Kooten
|
0-0: Ball 1-0: Called Strike 1-1: Foul Ball, location: 2F 1-2: Ball 2-2: Foul Ball, location: 2F 2-2: Ball 3-2: SINGLE (Groundball, 4MD)
|
Batting: RHB Roland Deschain
|
0-0: Foul Ball, location: 2F 0-1: Called Strike 0-2: Foul Ball, location: 2F 0-2: SINGLE (Groundball, 56D) Sinclair van Kooten to second
|
Batting: LHB Ray Anderson
|
0-0: DOUBLE (Groundball, 3L) Sinclair van Kooten scores Roland Deschain to third Runner from 3rd tries for Home, SAFE, no throw
|
Batting: SHB Eddie Ménard
|
0-0: Ball 1-0: Ball 2-0: Foul Ball, location: 2F 2-1: Ball 3-1: Base on Balls
|
Batting: SHB Chris Williamson
|
0-0: Ball 1-0: Ball 2-0: Ball 3-0: Called Strike 3-1: Foul Ball, location: 2F 3-2: Foul Ball, location: 2F 3-2: Foul Ball, location: 2F 3-2: Fly out, F9 (Flyball, 9LSF)
|
Batting: LHB Luis Velázquez
|
0-0: Ball 1-0: Fielders Choice at 2nd, 6-4 (Groundball, 6)
|
Top of the 3rd over - 2 run(s), 3 hit(s), 0 error(s), 1 left on base; Portland 2 - Rocky Mountain 0 |
BOTTOM OF THE 3RD |
Rocky Mountain Nuggets batting - Pitching for Portland Evergreens : RHP Leroy Picot
|
Batting: RHB Sergio Martínez
|
0-0: Called Strike 0-1: Ground out 5-3 (Groundball, 5L)
|
Batting: RHB Iván Vega
|
0-0: Called Strike 0-1: Ball 1-1: Foul Ball, location: 2F 1-2: Ball 2-2: DOUBLE (Flyball, 9LD)
|
Batting: LHB Javier Sánchez
|
0-0: Called Strike 0-1: Foul Ball, location: 2F 0-2: Ball 1-2: Strikes out looking
|
Batting: LHB Neil Lawson
|
0-0: Called Strike 0-1: Swinging Strike 0-2: Ball 1-2: Foul Ball, location: 2F 1-2: Ball 2-2: Ball 3-2: Strikes out swinging
|
Bottom of the 3rd over - 0 run(s), 1 hit(s), 0 error(s), 1 left on base; Portland 2 - Rocky Mountain 0 |
TOP OF THE 4TH |
Portland Evergreens batting - Pitching for Rocky Mountain Nuggets : RHP Nathaniel Riley
|
Batting: LHB Joram Nelen
|
0-0: Foul Ball, location: 2F 0-1: Called Strike 0-2: Ball 1-2: Strikes out swinging
|
Batting: RHB Roy Herring
|
0-0: Ball 1-0: Swinging Strike 1-1: Foul Ball, location: 2F 1-2: Ball 2-2: Strikes out swinging
|
Batting: LHB Shang-de Zhang
|
0-0: Foul Ball, location: 2F 0-1: Ball 1-1: Ball 2-1: Swinging Strike 2-2: Strikes out swinging
|
Top of the 4th over - 0 run(s), 0 hit(s), 0 error(s), 0 left on base; Portland 2 - Rocky Mountain 0 |
BOTTOM OF THE 4TH |
Rocky Mountain Nuggets batting - Pitching for Portland Evergreens : RHP Leroy Picot
|
Batting: RHB Andrés Rodríguez
|
0-0: Swinging Strike 0-1: Fly out, F8 (Flyball, 89D)
|
Batting: RHB Wes Shannon
|
0-0: Foul Ball, location: 2F 0-1: Ball 1-1: Ground out 1-3 (Groundball, P)
|
Batting: RHB Gary Chalmers
|
0-0: Ball 1-0: Ball 2-0: Foul Ball, location: 2F 2-1: Ball 3-1: Base on Balls
|
Batting: LHB Chia-ch'ing Dodman
|
0-0: Ball 1-0: Ball 2-0: Called Strike 2-1: Called Strike 2-2: Strikes out swinging
|
Bottom of the 4th over - 0 run(s), 0 hit(s), 0 error(s), 1 left on base; Portland 2 - Rocky Mountain 0 |
TOP OF THE 5TH |
Portland Evergreens batting - Pitching for Rocky Mountain Nuggets : RHP Nathaniel Riley
|
Batting: LHB Sinclair van Kooten
|
0-0: Ball 1-0: SINGLE (Groundball, 6MD)
|
Batting: RHB Roland Deschain
|
0-0: Sac Bunt - play at first, batter OUT! 5-3 Sinclair van Kooten to second
|
Batting: LHB Ray Anderson
|
0-0: Called Strike 0-1: Ball 1-1: Ball 2-1: Ball 3-1: Base on Balls
|
Batting: SHB Eddie Ménard
|
0-0: Called Strike 0-1: Called Strike 0-2: Ball 1-2: Ball 2-2: Strikes out swinging
|
Batting: SHB Chris Williamson
|
0-0: Ball 1-0: Called Strike 1-1: Ball 2-1: Fly out, F7 (Flyball, 78M)
|
Top of the 5th over - 0 run(s), 1 hit(s), 0 error(s), 2 left on base; Portland 2 - Rocky Mountain 0 |
BOTTOM OF THE 5TH |
Rocky Mountain Nuggets batting - Pitching for Portland Evergreens : RHP Leroy Picot
|
Batting: RHB Mark Melton
|
0-0: Ball 1-0: Called Strike 1-1: Ball 2-1: SINGLE (Line Drive, 6MD)
|
Batting: RHB Sergio Martínez
|
0-0: Ball 1-0: Ball 2-0: Called Strike 2-1: Ball 3-1: Bunted foul 3-2: Fly out, F7 (Flyball, 78M)
|
Batting: RHB Iván Vega
|
0-0: Ball 1-0: Called Strike 1-1: Ball 2-1: Ball 3-1: 2-RUN HOME RUN (Flyball, 7D), Distance : 388 ft
|
Batting: LHB Javier Sánchez
|
0-0: Ball 1-0: Foul Ball, location: 2F 1-1: Ball 2-1: Foul Ball, location: 2F 2-2: Foul Ball, location: 2F 2-2: DOUBLE (Flyball, 89XD)
|
Batting: LHB Neil Lawson
|
0-0: Ground out 6-3 (Groundball, 6M) Javier Sánchez to third
|
Batting: RHB Andrés Rodríguez
|
0-0: Fly out, F8 (Flyball, 89M)
|
Bottom of the 5th over - 2 run(s), 3 hit(s), 0 error(s), 1 left on base; Portland 2 - Rocky Mountain 2 |
TOP OF THE 6TH |
Portland Evergreens batting - Pitching for Rocky Mountain Nuggets : RHP Nathaniel Riley
|
Batting: LHB Luis Velázquez
|
0-0: Ground out 1-3 (Groundball, P)
|
Batting: LHB Joram Nelen
|
0-0: Ball 1-0: Called Strike 1-1: Foul Ball, location: 2F 1-2: Ball 2-2: Ground out 4-3 (Groundball, 4)
|
Batting: RHB Roy Herring
|
0-0: Called Strike 0-1: SINGLE (Flyball, 78S)
|
Batting: LHB Shang-de Zhang
|
0-0: Fly out, F8 (Flyball, 8RD)
|
Top of the 6th over - 0 run(s), 1 hit(s), 0 error(s), 1 left on base; Portland 2 - Rocky Mountain 2 |
BOTTOM OF THE 6TH |
Rocky Mountain Nuggets batting - Pitching for Portland Evergreens : RHP Leroy Picot
|
Batting: RHB Wes Shannon
|
0-0: Ball 1-0: Ball 2-0: Foul Ball, location: 2F 2-1: Foul Ball, location: 2F 2-2: Strikes out swinging
|
Batting: RHB Gary Chalmers
|
0-0: Called Strike 0-1: Ground out 5-3 (Groundball, 56)
|
Batting: LHB Chia-ch'ing Dodman
|
0-0: Ball 1-0: Called Strike 1-1: Foul Ball, location: 2F 1-2: Ground out 4-3 (Groundball, 34D)
|
Bottom of the 6th over - 0 run(s), 0 hit(s), 0 error(s), 0 left on base; Portland 2 - Rocky Mountain 2 |
TOP OF THE 7TH |
Portland Evergreens batting - Pitching for Rocky Mountain Nuggets : RHP Nathaniel Riley
|
Batting: LHB Sinclair van Kooten
|
0-0: Ball 1-0: Foul Ball, location: 2F 1-1: Ground out 4-3 (Groundball, 4)
|
Batting: RHB Roland Deschain
|
0-0: Ball 1-0: Called Strike 1-1: Swinging Strike 1-2: Strikes out swinging
|
Batting: LHB Ray Anderson
|
0-0: Ball 1-0: Foul Ball, location: 2F 1-1: Ground out 4-3 (Groundball, 4)
|
Top of the 7th over - 0 run(s), 0 hit(s), 0 error(s), 0 left on base; Portland 2 - Rocky Mountain 2 |
BOTTOM OF THE 7TH |
Rocky Mountain Nuggets batting - Pitching for Portland Evergreens : RHP Leroy Picot
|
Batting: RHB Mark Melton
|
0-0: Ball 1-0: Ball 2-0: Foul Ball, location: 2F 2-1: Fly out, F5 (Popup, 5)
|
Pinch Hitting: LHB Juan Ríos
|
0-0: Called Strike 0-1: Ball 1-1: Foul Ball, location: 2F 1-2: Ground out 4-3 (Groundball, 4MD)
|
Batting: RHB Iván Vega
|
0-0: Ball 1-0: Called Strike 1-1: Ball 2-1: Fly out, F6 (Line Drive, 6)
|
Bottom of the 7th over - 0 run(s), 0 hit(s), 0 error(s), 0 left on base; Portland 2 - Rocky Mountain 2 |
TOP OF THE 8TH |
Portland Evergreens batting - Pitching for Rocky Mountain Nuggets : RHP Nathaniel Riley
|
Now at SS: Randy Bowen
|
|
Batting: SHB Eddie Ménard
|
0-0: Ball 1-0: Ground out U3 (Groundball, 3)
|
Batting: SHB Chris Williamson
|
0-0: Swinging Strike 0-1: Called Strike 0-2: Ball 1-2: Strikes out looking
|
Batting: LHB Luis Velázquez
|
0-0: Ball 1-0: Called Strike 1-1: Fly out, F5 (Popup, 5D)
|
Top of the 8th over - 0 run(s), 0 hit(s), 0 error(s), 0 left on base; Portland 2 - Rocky Mountain 2 |
BOTTOM OF THE 8TH |
Rocky Mountain Nuggets batting - Pitching for Portland Evergreens : RHP Leroy Picot
|
Pitching: LHP Dale Stevens
|
|
Batting: LHB Javier Sánchez
|
0-0: SINGLE (Groundball, 34D)
|
Pitching: LHP Jesús Medina
|
|
Batting: LHB Neil Lawson
|
0-0: Called Strike 0-1: Ball 1-1: Ball 2-1: Foul Ball, location: 2F 2-2: Strikes out swinging
|
Batting: RHB Andrés Rodríguez
|
0-0: SINGLE (Groundball, 6) (infield hit) Javier Sánchez to second
|
Batting: RHB Wes Shannon
|
0-0: Foul Ball, location: 2F 0-1: Fly out, F7 (Flyball, 7S)
|
Batting: RHB Gary Chalmers
|
0-0: Foul Ball, location: 2F 0-1: Ball 1-1: Ball 2-1: Foul Ball, location: 2F 2-2: Strikes out swinging
|
Bottom of the 8th over - 0 run(s), 2 hit(s), 0 error(s), 2 left on base; Portland 2 - Rocky Mountain 2 |
TOP OF THE 9TH |
Portland Evergreens batting - Pitching for Rocky Mountain Nuggets : RHP Nathaniel Riley
|
Batting: LHB Joram Nelen
|
0-0: Ground out 3-1 (Groundball, 3S)
|
Batting: RHB Roy Herring
|
0-0: Foul Ball, location: 2F 0-1: Foul Ball, location: 2F 0-2: Strikes out swinging
|
Batting: LHB Shang-de Zhang
|
0-0: Foul Ball, location: 2F 0-1: Foul Ball, location: 2F 0-2: Ground out 3-1 (Groundball, 3S)
|
Top of the 9th over - 0 run(s), 0 hit(s), 0 error(s), 0 left on base; Portland 2 - Rocky Mountain 2 |
BOTTOM OF THE 9TH |
Rocky Mountain Nuggets batting - Pitching for Portland Evergreens : LHP Jesús Medina
|
Pinch Hitting: RHB Martín Méndez
|
0-0: Ball 1-0: Ball 2-0: Called Strike 2-1: Foul Ball, location: 2F 2-2: Ball 3-2: SINGLE (Groundball, 4D)
|
Batting: RHB Mark Melton
|
0-0: Bunt missed! 0-1: Ball 1-1: Sac Bunt - play at first, batter OUT! 1-4 Martín Méndez to second
|
Pinch Hitting: RHB Michael Riley
|
0-0: Ball 1-0: Ground out 6-3 (Groundball, 6)
|
Batting: RHB Iván Vega
|
0-0: Swinging Strike 0-1: Reached on error, E4 (Popup, 4M) Martín Méndez to third
|
Batting: LHB Javier Sánchez
|
0-0: Ball 1-0: Swinging Strike 1-1: Ball 2-1: Ball 3-1: Base on Balls Iván Vega to second
|
Batting: LHB Neil Lawson
|
0-0: Ball 1-0: Swinging Strike 1-1: Called Strike 1-2: Ball 2-2: SINGLE (Groundball, 34D) Martín Méndez scores
|
Monday, March 20th, 2017 - OOTP Baseball 17.12 Build 75
|
|